 Dungeon Crawl Stone Soup version 0.29-a0-284-gf9362112df (webtiles) character file.

Game seed: 902828086553727606

1072 spaghetti the Skirmisher (level 8, -2/54 HPs)
             Began as a Vampire Cinder Acolyte on Mar 22, 2022.
             Was an Initiate of Ignis.
             Slain by a bullfrog (6 damage)
             ... on level 6 of the Dungeon.
             The game lasted 00:10:26 (6061 turns).

spaghetti the Skirmisher (Vampire Cinder Acolyte)   Turns: 6061, Time: 00:10:27

Health: -2/54      AC:  4    Str:  6 (10) XL:     8   Next: 7%
Magic:  8/9        EV: 11    Int: 18 (22) God:    Ignis [......]
Gold:   244        SH:  0    Dex: 10 (14) Spells: 7/9 levels left

rFire   + + .      SeeInvis +   a - -1 short sword (flame) {short}
rCold   . . .      Faith    .   (no shield)
rNeg    . . .      Spirit   .   d - +2 robe of the Untouchables {+Blink rElec Str-3 Dex+2 Archmagi}
rPois   .          Reflect  .   (no helmet)
rElec   +          Harm     .   (no cloak)
rCorr   .          Rampage  .   (no gloves)
Will    .....      Archmagi +   (no boots)
Stlth   +.........              (no amulet)
HPRegen 0.38/turn               k - +6 ring of intelligence
MPRegen 0.11/turn               r - ring of protection from fire

@: healing quickly
A: alive, fangs 3, see invisible, vampiric 2, electricity resistance, [frail 2]
a: Exsanguinate, Renounce Religion, Evoke Blink, Rising Flame


You were on level 6 of the Dungeon.
You worshipped Ignis.
Ignis was noncommittal.
You visited 1 branch of the dungeon, and saw 8 of its levels.

You collected 244 gold pieces.


Innate Abilities, Weirdness & Mutations

Your natural rate of healing is accelerated.
You have razor-sharp teeth.
You have supernaturally acute eyesight. (SInv)
You are afflicted with vampirism and can become a bat while bloodless.
You are resistant to electric shocks. (rElec)
[You are very frail. (-20% HP)]


   Skills:
 + Level 7.7 Fighting
 * Level 6.5 Short Blades
 - Level 1.0 Spellcasting
 - Level 2.4 Fire Magic


You had 7 spell levels left.
You knew the following spells:

 Your Spells              Type           Power      Damage    Failure   Level
a - Scorch                Fire           28%        2d6       12%         2

Your spell library contained the following spells:

 Spells                   Type           Power      Damage    Failure   Level
 Call Canine Familiar     Summ           1%         N/A       52%         3
 Portal Projectile        Hex/Tloc       2%         N/A       52%         3
 Leda's Liquefaction      Hex/Erth       0%         N/A       89%         4

Inventory:

Hand Weapons
 a - a -1 short sword of flaming (weapon) {short}
 c - a +0 morningstar {mace}
   (You found it on level 1 of the Dungeon)
 f - the +1 glaive "Guephas" {freeze, Str+3, polearm}
   (You found it on level 5 of the Dungeon)

   It freezes those it strikes, dealing additional cold damage.
   It can also slow down cold-blooded creatures.
   Str:       It affects your strength (+3).
 j - a +0 short sword {short}
   (You took it off an orc on level 5 of the Dungeon)
Missiles
 e - 100 stones {throwing}
 q - 12 poisoned darts {throwing}
 u - 6 boomerangs {throwing}
Armour
 b - a +1 robe
 d - the +2 robe of the Untouchables (worn) {+Blink rElec Str-3 Dex+2 Archmagi}
   (You found it on level 4 of the Dungeon)

   Str:       It affects your strength (-3).
   Dex:       It affects your dexterity (+2).
   rElec:     It insulates you from electricity.
   +Blink:    It lets you blink.
   Archmagi:  It increases the power of your magical spells.
Jewellery
 i - a ring of protection from cold
   (You found it on level 1 of the Dungeon)
 k - a +6 ring of intelligence (left hand)
   (You found it on level 5 of the Dungeon)
 l - a ring of resist corrosion
   (You found it on level 2 of the Dungeon)
 n - a ring of positive energy
   (You found it on level 3 of the Dungeon)
 o - a ring of positive energy
   (You found it on level 3 of the Dungeon)
 r - a ring of protection from fire (right hand)
   (You found it on level 3 of the Dungeon)
 v - a ring of willpower
   (You found it on level 7 of the Dungeon)
Scrolls
 g - 2 scrolls of noise {!r}
 m - a scroll of enchant armour
 p - a scroll of vulnerability {!r!r}
Potions
 h - 2 potions of attraction {!q}
 s - a potion of mutation {!q}
 t - a potion of curing {@q1}

Dungeon Overview and Level Annotations

Branches:
Dungeon (8/15)
 Temple: D:4-7         Lair: D:8-11

Altars:
Yredelemnul

##########
#........#
#........#
#.....>..#
####........#
##O.....[....#
#@F##........#
#..!..#....<...#
........##......##
#................#
....#.....###.....#
...#....... ......#
.###......###.....#
....#### #.....#
###...#


You could see an ogre and a bullfrog.


Message History

A wight comes into view.
It is wielding a +3 halberd and wearing a +1 robe of cold resistance.
The wight closely misses you. The wight barely misses you.
An orc priest comes into view. It is wielding a +0 whip.
The wight hits you with a +0 spear!
* * * LOW HITPOINT WARNING * * *
😨 HP[-11]
You take 11 damage, and now have 21/47 hp.
MASSIVE DAMAGE!! (PAUSE)
The wight hits you with a +0 spear.
* * * LOW HITPOINT WARNING * * *
There is an escape hatch in the ceiling here. 😨 HP[-3]
You take 3 damage, and now have 18/47 hp.
The wight hits you with a +0 spear.
* * * LOW HITPOINT WARNING * * *
A mysterious force pulls you upwards.
The hatch slams shut behind you. 😨 HP[-5]
You take 5 damage, and now have 13/47 hp.
Unknown command.
You see here a +0 flail {mace}. 😨 MP[+1]
Your mp is fully restored (9).
There is a stone staircase leading up here.
You fly upwards.
There is a stone staircase leading down here. 😨 HP[+1] Unknown command.
Unknown command.
You start resting. 😎 HP[+33]
Your hp is fully restored (47).
Done exploring.
Done exploring.
Done exploring.
There is a stone staircase leading down here.
You fly downwards.
There is a stone staircase leading up, spattered with blood here.
An ogre is nearby!
An ogre is nearby!
The ogre shouts!
There is a stone staircase leading down here.
You fly downwards.
Found a plate armour.
Found a stone staircase leading down.
There is a stone staircase leading up here.
Unknown command.
Unknown command.
You begin the revivification ritual.
You continue your ritual. x3
The ogre misses you.
You continue your ritual.
The ogre closely misses you.
You continue your ritual.
You return to life.
You feel frail.
Your blood-filled body can't sustain your transformation.
You feel less batty.
Your -1 short sword of flaming {short} unmelds from your body.
The +2 robe of the Untouchables {+Blink rElec Str-3 Dex+2 Archmagi} unmelds from your body.
Your +6 ring of intelligence unmelds from your body.
Your ring of protection from fire unmelds from your body.
Your -1 short sword of flaming {short} bursts into flame!
You feel clever.
The ogre hits you with a +0 giant spiked club!!
* * * LOW HITPOINT WARNING * * *
😨 HP[-24]
You now have 54 max hp (+7).
You take 24 damage, and now have 23/54 hp.
MASSIVE DAMAGE!! (PAUSE) 😨 HP[+1]
The bullfrog barely misses you. The bullfrog hits you.
* * * LOW HITPOINT WARNING * * *
😨 HP[-3]
You take 3 damage, and now have 21/54 hp.
The bullfrog attacks as you move away! The bullfrog closely misses you.
The ogre attacks as you move away! The ogre closely misses you.
You blink. 😨 MP[-1]
You lost 1 mp, and now have 8/9 mp.
The bullfrog hits you.
Keep bloodletting?
* * * LOW HITPOINT WARNING * * *
You begin bloodletting.
You continue bloodletting.
The bullfrog hits you.
* * * LOW HITPOINT WARNING * * *
The bullfrog closely misses you.
You continue bloodletting.
The bullfrog hits you.
* * * LOW HITPOINT WARNING * * *
The ogre barely misses you.
You continue bloodletting.
The bullfrog hits you.
* * * LOW HITPOINT WARNING * * *
The bullfrog hits you.
* * * LOW HITPOINT WARNING * * *
The ogre completely misses you.
You continue bloodletting.
The bullfrog barely misses you.
You continue bloodletting.
You feel stable enough to blink again. The bullfrog hits you.
You die...

Skill      XL: |  1  2  3  4  5  6  7 |
---------------+----------------------+-----
Fighting       | 3 5 6 7 |  7.7
Short Blades   | 4 6 |  6.5
Spellcasting   | |  1.0
Fire Magic     | |  2.4

Action                   |  1- 3 |  4- 6 |  7- 9 || total
-------------------------+-------+-------+-------++-------
Melee: Short sword       |    20 |    37 |    96 ||   153
       Bite              |     3 |    11 |    15 ||    29
       Morningstar       |    34 |   117 |       ||   151
       Punch             |       |       |     3 ||     3
Throw: Stone             |    19 |    14 |       ||    33
 Cast: Scorch            |       |     2 |    30 ||    32
Invok: Foxfire Swarm     |     1 |     4 |     3 ||     8
 Abil: Exsanguinate      |       |       |     3 ||     3
       Bat Form          |       |       |     2 ||     2
       Revivify          |       |       |     2 ||     2
       Evoke Blink       |       |       |     1 ||     1
  Use: Scroll            |     2 |     6 |       ||     8
       Potion            |     2 |       |     2 ||     4
 Stab: Sleeping          |       |     2 |     1 ||     3
Armor: Robe              |    13 |    36 |    28 ||    77
Dodge: Dodged            |    32 |   110 |    78 ||   220

Levels and vault maps discovered:
D:1:      tarquinn_simple_flora_water_e, layout_basic, dk_noncrumbling_2,
          serial_bayou_lagoon_a, minmay_tromino_i4
D:2:      layout_basic, chequers_ecumenical_altar_simple, st_stairs_3,
          kennysheep_generic_room_4, uniq_sigmund
D:3:      layout_rooms, nicolae_yredelemnul_corpse_copse, kennysheep_crisscross
D:4:      layout_loops_corners, minmay_misc_feat_alley
D:5:      layout_cave_pools, dreamdust_wishing_well
D:6:      kennysheep_six_static_rooms, layout_rooms,
          minmay_temple_entry_junction_2, nicolae_shop_self_help
D:7:      layout_rooms, enter_bailey_4, the_hattery
D:8:      layout_basic

Notes
Turn   | Place    | Note
-------+----------+-------------------------------------------
     0 | D:1      | spaghetti the Vampire Cinder Acolyte began the quest for
                  | the Orb.
     0 | D:1      | Reached XP level 1. HP: 17/17 MP: 2/2
     0 | D:1      | magus.rc [v1.9.6]
   127 | D:1      | Reached skill level 3 in Fighting
   391 | D:1      | Reached XP level 2. HP: 24/24 MP: 3/3
   796 | D:1      | You fall into a shaft and drop 1 floor!
   815 | D:2      | Noticed Sigmund
   835 | D:2      | Gained mutation: You are afflicted with vampirism and can
                  | become a bat while bloodless. [Vampire growth]
   835 | D:2      | Reached XP level 3. HP: 18/30 MP: 4/4
   837 | D:2      | Gained mutation: You are resistant to electric shocks.
                  | (rElec) [potion of mutation]
   840 | D:2      | Killed Sigmund
   841 | D:2      | Reached skill level 5 in Fighting
   841 | D:2      | Reached XP level 4. HP: 15/40 MP: 5/5
   841 | D:2      | Reached XP level 5. HP: 17/46 MP: 6/6
  1001 | D:2      | Found a faded altar of an unknown god.
  1304 | D:2      | Reached skill level 6 in Fighting
  2134 | D:3      | Found a basalt altar of Yredelemnul.
  2163 | D:3      | Noticed a water moccasin
  2178 | D:3      | Killed a water moccasin
  2179 | D:3      | Reached XP level 6. HP: 24/53 MP: 7/7
  2727 | D:4      | HP: 12/53 [orc/+0 flail (9)]
  2728 | D:4      | HP: 4/53 [orc/+0 flail (6)]
  2731 | D:4      | Reached skill level 7 in Fighting
  3113 | D:4      | Identified the +2 robe of the Untouchables {+Blink rElec
                  | Str-3 Dex+2 Archmagi}
  3129 | D:4      | Learned a level 2 spell: Scorch
  3497 | D:4      | Reached skill level 4 in Short Blades
  3497 | D:4      | Reached XP level 7. HP: 26/60 MP: 8/8
  3502 | D:4      | You pick up a book of the Hunter and begin reading...
  3502 | D:4      | You add the spells Call Canine Familiar, Portal Projectile
                  | and Leda's Liquefaction to your library.
  3895 | D:5      | Entered Level 5 of the Dungeon
  3931 | D:5      | HP: 15/60 [ice beast (2)]
  3932 | D:5      | HP: 5/60 [ice beast (4)]
  3932 | D:5      | HP: 1/60 [ice beast (4)]
  4334 | D:5      | Identified the +1 glaive "Guephas" {freeze, Str+3}
  4599 | D:5      | Reached skill level 5 in Short Blades
  5140 | D:6      | Noticed a kobold demonologist
  5220 | D:7      | Found a flagged portal.
  5360 | D:7      | Reached skill level 6 in Short Blades
  5463 | D:6      | Noticed a kobold demonologist
  5473 | D:7      | Noticed a hellwing
  5651 | D:8      | Reached XP level 8. HP: 41/47 MP: 6/9
  5731 | D:8      | Noticed a two-headed ogre
  6058 | D:6      | HP: 13/54 [bullfrog (4)]
  6059 | D:6      | HP: 3/54 [bullfrog (4)]
  6061 | D:6      | Slain by a bullfrog

Vanquished Creatures
  Sigmund (D:2)
  A water moccasin (D:3)
  An ice beast (D:5)
  2 bullfrogs (D:8)
  A scorpion (D:4)
  A hound (D:7)
  2 orc priests
  2 jellies (D:6)
  5 iguanas
  2 orc wizards (D:5)
  A howler monkey zombie (D:3)
  6 adders
  A shadow imp (D:7)
  An ufetubus (D:4)
  An adder zombie (D:3)
  A worm (D:2)
  A dart slug (D:2)
  19 orcs
  9 endoplasms
  3 giant cockroaches
  6 goblins
  7 hobgoblins
  5 jackals
  2 quokkas
  2 ball pythons
  4 bats
  2 frilled lizards (D:1)
  6 kobolds
  A quokka zombie (D:3)
  9 rats
105 creatures vanquished.

Vanquished Creatures (others)
  147 foxfires
147 creatures vanquished.

Grand Total: 252 creatures vanquished

Table legend:
 A = Non-vault XP
 B = Vault XP
 C = Vault XP percentage of total XP
 D = Non-vault monster count
 E = Vault monster count
 F = Vault count percentage of total count
                 A         B        C        D         E       F
            +---------+---------+-------+---------+---------+-------
      Total |    1254 |     278 |  18.1 |      90 |      15 |  14.3
            +---------+---------+-------+---------+---------+-------
        D:1 |      24 |       3 |  11.1 |      16 |       2 |  11.1
        D:2 |      99 |     238 |  70.6 |      26 |       5 |  16.1
        D:3 |     218 |      23 |   9.5 |      12 |       3 |  20.0
        D:4 |     201 |       0 |   0.0 |      15 |       0 |   0.0
        D:5 |     349 |       0 |   0.0 |      14 |       0 |   0.0
        D:6 |      82 |       0 |   0.0 |       2 |       0 |   0.0
        D:7 |      95 |      14 |  12.8 |       3 |       5 |  62.5
        D:8 |     186 |       0 |   0.0 |       2 |       0 |   0.0
            +---------+---------+-------+---------+---------+-------

Illustrated notes

Table legend:
 A = Kills in this place as a percentage of kills in entire the game.
 B = Kills by you in this place as a percentage of kills by you in the entire game.
 C = Kills by friends in this place as a percentage of kills by friends in the entire game.
 D = Other kills in this place as a percentage of other kills in the entire game.
 E = Experience gained in this place as a percentage of experience gained in the entire game.
 F = Experience gained in this place divided by the number of levels of this place that you have seen.
                   A       B       C       D       E      F
               +-------+-------+-------+-------+-------+----------------------
         Total | 100.0 | 100.0 |   N/A |   N/A | 100.0 | 191.5
       Dungeon | 100.0 | 100.0 |   N/A |   N/A | 100.0 | 191.5
               +-------+-------+-------+-------+-------+----------------------

Table legend: (Time is in decaauts)
 A = Elapsed time spent in this place.
 B = Non-inter-level travel time spent in this place.
 C = Inter-level travel time spent in this place.
 D = Time resting spent in this place.
 E = Time spent auto-exploring this place.
 F = Levels seen in this place.
 G = Mean time per level.
                   A        B        C        D        E       F      G
               +--------+--------+--------+--------+--------+-----+--------+
         Total |   6100 |   5932 |    168 |   1414 |   3513 |   8 |  762.5 |
       Dungeon |   6100 |   5932 |    168 |   1414 |   3513 |   8 |  762.5 |
               +--------+--------+--------+--------+--------+-----+--------+

Top non-repeatable levels by time:
     D:4: 1577 daAuts
     D:2: 1237 daAuts
     D:5: 912 daAuts
     D:1: 813 daAuts
     D:3: 671 daAuts
     D:7: 523 daAuts
     D:8: 270 daAuts
     D:6: 94 daAuts
